 Dungeon Crawl Stone Soup version 0.21.1-1-g345015f (webtiles) character file.

74 Wander the Cudgeler (level 4, -4/35 HPs)
             Began as a Mummy Fighter on Apr 15, 2018.
             Slain by a wyvern skeleton (8 damage)
             ... on level 2 of the Dungeon.
             The game lasted 00:02:48 (1527 turns).

Wander the Cudgeler (Mummy Fighter)                 Turns: 1527, Time: 00:02:49

Health: -4/35      AC: 11    Str: 20    XL:     4   Next: 9%
Magic:  4/4        EV: 10    Int:  7    God:
Gold:   139        SH:  6    Dex: 11    Spells: 3/3 levels left

rFire    x . .     SeeInvis .   k - -1 whip (curse)
rCold    + . .     Gourm    .   e - +2 buckler {AC+3}
rNeg     + + +     Faith    .   l - +2 ring mail {rPois}
rPois    ∞         Spirit   .   f - +0 helmet
rElec    .         Reflect  .   (no cloak)
rCorr    .         Harm     .   (no gloves)
MR       .....                  (no boots)
Stlth    +.........             (no amulet)
HPRegen  0.11/turn              (no ring)
MPRegen  0.09/turn              (no ring)

@: no status effects
A: no food or potions, fire vulnerability, cold resistance 1, negative energy
resistance 3, torment resistance, unbreathing
a: no special abilities


You were on level 2 of the Dungeon.
You were not hungry.

You visited 1 branch of the dungeon, and saw 2 of its levels.

You collected 139 gold pieces.

Inventory:

Hand Weapons
 a - a +0 flail
 g - a +0 whip
 k - a cursed -1 whip (weapon)
Armour
 b - a +0 scale mail
 c - a +0 shield
 e - a +2 buckler of protection (worn)
 f - a +0 helmet (worn)
 l - a +2 ring mail of poison resistance (worn)
Scrolls
 d - a scroll of enchant armour {unknown}
 h - a scroll of magic mapping
 i - a scroll of identify
 j - a scroll of amnesia
 m - a scroll of teleportation {unknown}


   Skills:
 - Level 3.0 Fighting
 + Level 3.6 Maces & Flails
 - Level 2.4 Armour
 - Level 2.4 Shields


You had 3 spell levels left.
You didn't know any spells.

Dungeon Overview and Level Annotations

Branches:
Dungeon (2/15)

Altars:


Innate Abilities, Weirdness & Mutations

You do not eat or drink.
Your flesh is vulnerable to fire.
You are immune to poison.
Your flesh is cold resistant. (rC+)
You are immune to negative energy. (rN+++)
You are immune to unholy pain and torment.
You can survive without breathing.


Message History

You block the wyvern skeleton's attack. The wyvern skeleton bites you.
* * * LOW HITPOINT WARNING * * *
There is a stone staircase leading down here.
The wyvern skeleton barely misses you.
You hit the wyvern skeleton.
The wyvern skeleton is almost destroyed.
The wyvern skeleton barely misses you.
You hit the wyvern skeleton.
The wyvern skeleton is almost destroyed.
You block the wyvern skeleton's attack.
As you read the scroll labeled NUIMNE CUV QIA, it crumbles to dust.
You feel aware of your surroundings.
It was a scroll of magic mapping.
You block the wyvern skeleton's attack. The wyvern skeleton barely misses you.
You can't drink.
As you read the scroll labeled NOTZAECLUCW, it crumbles to dust.
It is a scroll of identify.
j - a scroll of amnesia The wyvern skeleton bites you!
You die...

###........#.....#..........#####
##########.....'..........'....
#.....#....).....#####
#....>#.%..........#
#...#.#########....# #######
#####.# #....# #.....# #.# #....#
#.....# ### #Z# #....# #.....#
#<# #@# #....#
####.....###.###'##### #....#
...†.......#.........# #....#
...........#.........# #....#
..##.....###.........# #....#
#....................# #....#
#.#.########.........# ######
#.#.# #.........# #.#.#
#.........#


You could see a wyvern skeleton.

Vanquished Creatures
  3 adders (D:2)
  An ooze (D:2)
  A worm (D:2)
  2 dart slugs
  2 leopard geckos
  2 giant cockroaches (D:1)
  4 goblins
  4 hobgoblins
  3 kobolds
  A quokka (D:2)
  7 bats
  5 frilled lizards
  A jackal skeleton (D:2)
  2 rats
38 creatures vanquished.

Notes
Turn   | Place    | Note
-------+----------+-------------------------------------------
     0 | D:1      | Wander the Mummy Fighter began the quest for the Orb.
     0 | D:1      | Reached XP level 1. HP: 18/18 MP: 1/1
   328 | D:1      | Reached XP level 2. HP: 22/24 MP: 2/2
   857 | D:2      | Reached XP level 3. HP: 23/29 MP: 3/3
  1225 | D:2      | Reached XP level 4. HP: 35/35 MP: 4/4
  1527 | D:2      | Slain by a wyvern skeleton

Skill      XL: |  1  2 |
---------------+-------+-----
Maces & Flails | 2 3 |  3.6
Fighting       | |  3.0
Armour         | |  2.4
Shields        | |  2.4

Action                   |  1- 3 |  4- 6 || total
-------------------------+-------+-------++-------
Melee: Whip              |   189 |    39 ||   228
       Flail             |    25 |       ||    25
  Use: Scroll            |       |     2 ||     2
Armor: Scale mail        |   109 |    15 ||   124
       Ring mail         |       |     2 ||     2
Dodge: Dodged            |    75 |    22 ||    97
Block: Buckler           |    57 |     7 ||    64
       Shield            |     3 |       ||     3
